 Dungeon Crawl Stone Soup version 0.27.0-1-g7a089689b8 (webtiles) character file.

Game seed: 15986204893941074829

1850 tbh1313 the Carver (level 8, -2/96 HPs)
             Began as a Minotaur Berserker on Aug 11, 2021.
             Was a Priest of Trog.
             Slain by a wizard (7 damage)
             ... on level 7 of the Dungeon.
             The game lasted 00:13:26 (5567 turns).

tbh1313 the Carver (Minotaur Berserker)             Turns: 5567, Time: 00:13:27

Health: -2/96      AC:  4    Str: 21    XL:     8   Next: 88%
Magic:  7/7        EV: 16    Int:  6    God:    Trog [***...]
Gold:   202        SH:  0    Dex: 11    Spells: 7/7 levels left

rFire    . . .     SeeInvis .   a - +0 falchion (flame)
rCold    + . .     Faith    .   (no shield)
rNeg     . . .     Spirit   .   v - +2 robe {rC+}
rPois    .         Reflect  .   (helmet restricted)
rElec    .         Harm     .   (no cloak)
rCorr    +         Rampage  .   (no gloves)
Will     .....                  (no boots)
Stlth    ..........             (no amulet)
HPRegen  0.26/turn              c - ring of resist corrosion
MPRegen  0.10/turn              d - +4 ring of evasion

@: berserking, very quick
A: horns 2, retaliatory headbutt
a: Renounce Religion, Berserk, Trog's Hand


You were on level 7 of the Dungeon.
You worshipped Trog.
Trog was most pleased with you.
You visited 1 branch of the dungeon, and saw 7 of its levels.
You also visited: Sewer.

You collected 202 gold pieces.

Inventory:

Hand Weapons
 a - a +0 falchion of flaming (weapon)
 m - a +0 whip of electrocution
Missiles
 e - 15 poisoned darts (quivered)
 y - a throwing net
Armour
 f - a +0 chain mail
 p - the +1 pair of boots of the Sun {Rampage Will- Str+7}
   (You found it on level 4 of the Dungeon)

   Str:       It affects your strength (+7).
   Rampage:   It bestows one free step when moving towards enemies.
   Will:      It decreases your willpower.
 s - a +3 leather armour
 v - a +2 robe of cold resistance (worn)
Jewellery
 c - a ring of resist corrosion (left hand)
 d - a +4 ring of evasion (right hand)
 n - a ring of magical power
 r - an amulet of magic regeneration
 w - an amulet of the acrobat
Wands
 g - a wand of polymorph (8)
 q - a wand of iceblast (6)
Scrolls
 b - a scroll of amnesia
 i - a scroll of immolation
 x - a scroll of fear {unknown}
 z - a scroll of identify
Potions
 h - 4 potions of mutation
 j - 6 potions of heal wounds
 k - 2 potions of berserk rage {unknown}
 l - a potion of lignification {unknown}
 o - a potion of ambrosia {unknown}
 t - 2 potions of flight
 u - a potion of curing


   Skills:
 - Level 3.6 Fighting
 + Level 13.6 Long Blades
 - Level 2.4 Armour
 - Level 2.1 Dodging


You had 7 spell levels left.
You didn't know any spells.
Your spell library was empty.

Dungeon Overview and Level Annotations

Branches:
Dungeon (7/15)             Temple (0/1) D:4           Sewer (visited)

Altars:
Elyvilon
Kikubaaqudgha
Ru
Vehumet
Wu Jian


Innate Abilities, Weirdness & Mutations

You have a pair of horns on your head.
You reflexively headbutt those who attack you in melee.


Message History

You hear some strange, mumbled words.
Something tries to affect you, but you resist.
The orc warrior hits you with a +0 war axe.
You hit the orc warrior but do no damage.
You headbutt the orc warrior.
The orc warrior is severely wounded.
You hit the orc warrior. You burn the orc warrior.
The orc warrior is severely wounded.
Something hits you.
You hit the orc warrior. You burn the orc warrior.
The orc warrior is almost dead.
The orc warrior hits you with a +0 war axe!
* * * LOW HITPOINT WARNING * * *
You closely miss the orc warrior.
The orc warrior is almost dead.
You closely miss the orc warrior. Your headbutt misses the orc warrior.
The orc warrior is almost dead.
Something hits you.
* * * LOW HITPOINT WARNING * * *
The orc warrior hits you but does no damage.
You completely miss the orc warrior.
The orc warrior is almost dead.
You closely miss the orc warrior.
The orc warrior is almost dead.
Something hits you.
* * * LOW HITPOINT WARNING * * *
You hit the orc warrior but do no damage.
The orc warrior is almost dead.
The orc warrior closely misses you.
You are too berserk!
You hit the orc warrior. You burn the orc warrior.
You kill the orc warrior!
Trog accepts your kill.
Unknown command.
You completely miss something. You headbutt something! Something hits you.
* * * LOW HITPOINT WARNING * * *
You barely miss something. You hit something. You burn something.
You barely miss something. Something hits you!
You die...

#### ..#
######.####
###....>....###
#......<.@)...#
#[#......{).#.#
#...≈≈≈.≈≈≈...#
#..≈≈##.##≈≈..#
#..≈# ... #≈..#
#..≈ .$.. ≈..#
#.. ...$. ...#
## ≈#.[... ≈..#


There were no monsters in sight!

Levels and vault maps discovered:
D:1:      kb_arrival_jail, layout_loops_ring, chequers_garden, feat_on_display
D:2:      layout_loops_ring, hellmonk_ecumenical_altar_arch_garden, basic_altar,
          uniq_jessica, uniq_natasha
D:3:      layout_loops_cross, overflow_temple_1_default, uniq_sigmund,
          uniq_robin, uniq_terence
D:4:      layout_gridville, nicolae_kikubaaqudgha_miasma_corner,
          minmay_temple_entry_antechambers, guppyfry_early_lair_pool
D:5:      layout_basic, gup_sewer_entry_glass, hangedman_minor_gate_pass,
          uniq_blork_the_orc, uniq_edmund, uniq_ijyb
D:6:      layout_rooms, hangedman_ru_absence, nicolae_vehumet_altar_sigil,
          minmay_misc_feat_rugged
D:7:      cheibrodos_wizards_tower, layout_basic, enter_ossuary_1

Notes
Turn   | Place    | Note
-------+----------+-------------------------------------------
     0 | D:1      | tbh1313 the Minotaur Berserker began the quest for the Orb.
     0 | D:1      | Reached XP level 1. HP: 19/19 MP: 0/0
     2 | D:1      | Noticed an octopode
     4 | D:1      | Noticed a vampire
     4 | D:1      | Noticed a human
     6 | D:1      | Noticed an ogre
     6 | D:1      | Noticed a vine stalker
     8 | D:1      | Noticed a dwarf
     8 | D:1      | Noticed a troll
    10 | D:1      | Noticed a palentonga
    10 | D:1      | Noticed a demonspawn
    12 | D:1      | Noticed an elf
    12 | D:1      | Noticed a formicid
    14 | D:1      | Noticed a spriggan
    14 | D:1      | Noticed a djinni
    16 | D:1      | Noticed a felid
    16 | D:1      | Noticed a minotaur
    18 | D:1      | Noticed a gargoyle
    20 | D:1      | Noticed a tengu
    20 | D:1      | Noticed a naga
    22 | D:1      | Noticed a draconian
    22 | D:1      | Noticed a barachi
    24 | D:1      | Noticed a merfolk
    26 | D:1      | Noticed a ghoul
    26 | D:1      | Noticed a demigod
   212 | D:1      | Reached skill level 4 in Long Blades
   395 | D:1      | Reached XP level 2. HP: 26/26 MP: 1/1
   860 | D:2      | Noticed Jessica
   867 | D:2      | Killed Jessica
   868 | D:2      | Reached skill level 5 in Long Blades
   868 | D:2      | Reached XP level 3. HP: 30/31 MP: 2/2
   878 | D:2      | Noticed Natasha
   885 | D:2      | Killed Natasha
   886 | D:2      | Reached skill level 6 in Long Blades
   886 | D:2      | Reached XP level 4. HP: 27/39 MP: 3/3
  1201 | D:2      | Found a faded altar of an unknown god.
  1204 | D:2      | Reached ** piety under Trog
  1316 | D:2      | Noticed Natasha
  1325 | D:2      | Killed Natasha
  1525 | D:2      | Found a white marble altar of Elyvilon.
  1693 | D:3      | Noticed a scorpion
  1699 | D:3      | Killed a scorpion
  1700 | D:3      | Reached skill level 7 in Long Blades
  1700 | D:3      | Reached XP level 5. HP: 45/45 MP: 4/4
  1813 | D:3      | Noticed Robin
  1834 | D:3      | Killed Robin
  2072 | D:3      | Noticed Terence
  2085 | D:3      | Killed Terence
  2086 | D:3      | Reached skill level 8 in Long Blades
  2244 | D:3      | Found an ornate altar of the Wu Jian Council.
  2521 | D:3      | Noticed Sigmund
  2530 | D:3      | Killed Sigmund
  2531 | D:3      | Reached skill level 9 in Long Blades
  2531 | D:3      | Reached XP level 6. HP: 30/51 MP: 5/5
  2692 | D:4      | Found an ancient bone altar of Kikubaaqudgha.
  2701 | D:4      | Noticed an orc warrior
  2716 | D:4      | Killed an orc warrior
  2717 | D:4      | Reached XP level 7. HP: 38/57 MP: 6/6
  2874 | D:4      | Identified the +1 pair of boots of the Sun {Rampage Will-
                  | Str+7}
  2918 | D:4      | Found a staircase to the Ecumenical Temple.
  2957 | D:4      | Reached skill level 10 in Long Blades
  3112 | D:4      | Reached *** piety under Trog
  3508 | D:5      | Entered Level 5 of the Dungeon
  3565 | D:5      | Noticed Ijyb
  3581 | D:5      | Killed Ijyb
  3593 | D:5      | HP: 1/57 [orc warrior (12)]
  3605 | D:5      | Reached skill level 11 in Long Blades
  3801 | D:5      | Found a glowing drain.
  3809 | D:5      | Noticed Edmund
  3845 | D:5      | Killed Edmund
  3846 | D:5      | Reached XP level 8. HP: 51/64 MP: 7/7
  4067 | D:5      | Reached skill level 12 in Long Blades
  4099 | Sewer    | Entered a sewer
  4203 | Sewer    | Found a glowing silver altar of Zin.
  4488 | D:5      | Noticed Blork the orc
  4497 | D:5      | Killed Blork the orc
  4759 | D:6      | Found a radiant altar of Vehumet.
  4829 | D:6      | HP: 8/96 [steam dragon] (3)]
  4829 | D:6      | HP: 3/96 [steam dragon (5)]
  4831 | D:6      | Reached skill level 13 in Long Blades
  5221 | D:6      | Found a sacrificial altar of Ru.
  5545 | D:7      | Noticed a wizard
  5561 | D:7      | HP: 9/96 [something (3)]
  5567 | D:7      | Slain by a wizard

Table legend: (Time is in decaauts)
 A = Elapsed time spent in this place.
 B = Non-inter-level travel time spent in this place.
 C = Inter-level travel time spent in this place.
 D = Time resting spent in this place.
 E = Time spent auto-exploring this place.
 F = Levels seen in this place.
 G = Mean time per level.
                   A        B        C        D        E       F      G
               +--------+--------+--------+--------+--------+-----+--------+
         Total |   5575 |   5396 |    179 |   1410 |   3291 |   8 |  696.9 |
       Dungeon |   5409 |   5230 |    179 |   1410 |   3172 |   7 |  772.7 |
         Sewer |    166 |    166 |      0 |      0 |    119 |   1 |  166.0 |
               +--------+--------+--------+--------+--------+-----+--------+

Top non-repeatable levels by time:
     D:5: 1068 daAuts
     D:3: 1004 daAuts
     D:2: 897 daAuts
     D:4: 824 daAuts
     D:6: 801 daAuts
     D:1: 796 daAuts
   Sewer: 166 daAuts
     D:7: 16 daAuts

Table legend:
 A = Kills in this place as a percentage of kills in entire the game.
 B = Kills by you in this place as a percentage of kills by you in the entire game.
 C = Kills by friends in this place as a percentage of kills by friends in the entire game.
 D = Other kills in this place as a percentage of other kills in the entire game.
 E = Experience gained in this place as a percentage of experience gained in the entire game.
 F = Experience gained in this place divided by the number of levels of this place that you have seen.
                   A       B       C       D       E      F
               +-------+-------+-------+-------+-------+----------------------
         Total | 100.0 | 100.0 |   N/A |   N/A | 100.0 | 330.4
       Dungeon |  92.3 |  92.3 |   N/A |   N/A |  95.0 | 358.9
         Sewer |   7.7 |   7.7 |   N/A |   N/A |   5.0 | 131.0
               +-------+-------+-------+-------+-------+----------------------

Action                   |  1- 3 |  4- 6 |  7- 9 || total
-------------------------+-------+-------+-------++-------
Melee: Falchion          |    27 |   101 |   225 ||   353
       Headbutt          |     7 |    22 |    39 ||    68
       Unarmed           |       |       |    11 ||    11
Throw: Dart              |       |       |     3 ||     3
Invok: Berserk           |       |     1 |     4 ||     5
       Trog's Hand       |       |     1 |     2 ||     3
  Use: Scroll            |     1 |     4 |     2 ||     7
       Potion            |       |       |     2 ||     2
 Stab: Sleeping          |     1 |       |       ||     1
Armor: Animal skin       |     6 |     1 |       ||     7
       Chain mail        |       |    38 |    42 ||    80
       Leather armour    |       |       |    15 ||    15
       Skin              |       |       |     1 ||     1
       Robe              |       |       |     5 ||     5
Dodge: Dodged            |    16 |    68 |   129 ||   213
       Rpst.: Falchion   |     7 |    18 |    28 ||    53

Vanquished Creatures
  Sigmund (D:3)
  A steam dragon (D:6)
  Edmund (D:5)
  A sky beast (D:4)
  3 orc warriors
  A black bear (D:5)
  An ogre (D:4)
  Blork the orc (D:5)
  A kobold brigand (Sewer)
  A wyvern zombie (D:5)
  A scorpion (D:3)
  A water moccasin skeleton (D:5)
  A centaur zombie (D:6)
  A jelly (D:5)
  An orc priest (D:5)
  Jessica (D:2)
  2 iguanas (D:5)
  Ijyb (D:5)
  Terence (D:3)
  3 orc wizards
  Natasha (twice) (D:2)
  Robin (D:3)
  2 river rats (Sewer)
  6 adders
  3 gnolls (D:6)
  3 ufetubi
  2 worms
  A dart slug (D:1)
  13 orcs
  8 ball pythons
  2 bats
  5 endoplasms
  12 goblins
  12 hobgoblins
  13 jackals
  2 quokkas
  A frilled lizard (D:1)
  10 kobolds
  7 rats
130 creatures vanquished.

Vanquished Creatures (others)
  An ufetubus (D:6)
1 creature vanquished.

Grand Total: 131 creatures vanquished
